 Dungeon Crawl Stone Soup version 0.31-a0-265-gcf7e37af1d (webtiles) character file.

Game seed: 9226623336754075915

134 qw the Shooter (level 4, -2/37 HPs)
             Began as a Minotaur Hexslinger on July 13, 2023.
             Slain by Grinder (3 damage)
             ... while paralysed by Grinder
             ... on level 3 of the Dungeon.
             The game lasted 00:00:54 (1862 turns).

qw the Shooter (Minotaur Hexslinger)                Turns: 1862, Time: 00:00:55

Health: -2/37      AC:  3    Str: 12    XL:     4   Next: 95%
Magic:  4/4        EV:  2    Int: 10    God:
Gold:   171        SH:  0    Dex: 15    Spells: 4/5 levels left

rFire   . . .        Y - +1 sling
rCold   . . .        (no shield)
rNeg    . . .        e - +0 leather armour
rPois   .            (helmet restricted)
rElec   .            (no cloak)
rCorr   .            (no gloves)
SInv    .            (no boots)
Will    .....        (no amulet)
Stlth   +            (no ring)
HPRegen 0.26/turn    (no ring)
MPRegen 0.09/turn

%: no passive effects
@: paralysed
A: horns 2, retaliatory headbutt
a: no special abilities


You were on level 3 of the Dungeon.
You visited 1 branch of the dungeon, and saw 3 of its levels.

You collected 171 gold pieces.


Innate Abilities, Weirdness & Mutations

You have a pair of horns on your head.
You reflexively headbutt those who attack you in melee.


   Skills:
 + Level 2.9 Fighting
 - Level 5.1 Ranged Weapons
 - Level 2.1 Dodging
 - Level 1.0 Spellcasting
 - Level 2.0 Hexes


You had 4 spell levels left.
You knew the following spells:

 Your Spells              Type           Power      Damage    Failure   Level
a - Slow                  Hex            16%        N/A       19%         1

Your spell library contained the following spells:

 Spells                   Type           Power      Damage    Failure   Level
 Inner Flame              Hex/Fire       2%         N/A       65%         3
 Portal Projectile        Hex/Tloc       4%         N/A       65%         3
 Cause Fear               Hex            2%         N/A       88%         4

Inventory:

Hand Weapons
 Y - a +1 sling (weapon)
Armour
 b - a +0 pair of boots
 e - a +0 leather armour (worn)
 j - a +1 cloak
Scrolls
 g - a scroll of identify
Potions
 a - a potion of lignification {unknown}
 c - a potion of might {unknown}
 d - 2 potions of curing
 f - a potion of brilliance {unknown}
 h - a potion of degeneration {unknown}
 i - a potion of haste

Dungeon Overview and Level Annotations

Branches:
Dungeon (3/15)

Altars:

Annotations:
D:3 Grinder


Message History

The sling bullet closely misses Grinder.
Grinder blinks!
You shoot a sling bullet. The sling bullet hits Grinder.
Grinder is heavily wounded.
Grinder gestures at you.
You suddenly lose the ability to move!
Grinder blinks!
You can move again.
You shoot a sling bullet.
The sling bullet hits Grinder but does no damage.
Grinder is heavily wounded.
You shoot a sling bullet.
The sling bullet hits Grinder but does no damage.
Grinder is heavily wounded.
Grinder misses you.
Grinder blinks!
You shoot a sling bullet. The sling bullet hits Grinder.
Grinder is severely wounded.
You shoot a sling bullet. The sling bullet hits Grinder.
Grinder is severely wounded.
Grinder says, "FISH!"
Grinder gestures at you.
You suddenly lose the ability to move!
Grinder gestures at you.
You shrug off the repeated paralysis!
Grinder gestures at you.
You shrug off the repeated paralysis!
Grinder blinks!
You can move again.
You shoot a sling bullet. The sling bullet barely misses Grinder.
You shoot a sling bullet.
The sling bullet closely misses Grinder.
Grinder gestures at you. You resist with significant effort.
You shoot a sling bullet. The sling bullet hits Grinder.
Grinder is almost dead.
Grinder gestures at you.
You suddenly lose the ability to move!
Grinder hits you.
You writhe in agony.
Grinder hits you.
You die...

###########...########
..............##.. ..
...........#####.# .#
......%####### #.##.#
.#####.......# #....#
##.....#.# #....#
#......# #....####
#..#...#. #........
#..#...#.###@##########
#..#####....5..........
.####..##
##......########
........# #......#.#
.##....## #....[.#.#
#.#..######......#.#
#.#...%............#
..#.########|##....#
##.#.#..............#


You could see Grinder.

Vanquished Creatures
  Terence (D:2)
  A gnoll (D:1)
  3 adders
  5 endoplasms
  5 giant cockroaches (D:1)
  3 hobgoblins
  4 jackals
  4 kobolds
  6 quokkas
  5 ball pythons
  5 bats
  4 frilled lizards
  4 goblins
  27 rats
77 creatures vanquished.

Notes
Turn   | Place    | Note
-------+----------+-------------------------------------------
     0 | D:1      | qw the Minotaur Hexslinger began the quest for the Orb.
     0 | D:1      | Reached XP level 1. HP: 16/16 MP: 1/1
     0 | D:1      | 0 ||| qw: Version: 0.3-a-52-g30416fa
     0 | D:1      | 0 ||| qw: Game counter: 7591
     0 | D:1      | 0 ||| qw: Melee chars always use a shield: true
     0 | D:1      | 0 ||| qw: God list: Okawaru
     0 | D:1      | 0 ||| qw: Allow faded altars: false
     0 | D:1      | 0 ||| qw: Do Orc after clearing Dungeon:15 true
     0 | D:1      | 0 ||| qw: Do second Lair branch before Depths: true
     0 | D:1      | 0 ||| qw: Lair rune preference: random
     0 | D:1      | 0 ||| qw: Goals: Normal
     0 | D:1      | 0 ||| PLANNING D:1-11
    98 | D:1      | Reached skill level 3 in Ranged Weapons
    98 | D:1      | Reached XP level 2. HP: 23/23 MP: 2/2
   457 | D:1      | Reached XP level 3. HP: 21/29 MP: 3/3
   648 | D:1      | Reached skill level 4 in Ranged Weapons
   781 | D:1      | 781 ||| UPGRADING to +0 leather armour.
   791 | D:1      | 791 ||| DROPPING +0 robe.
   792 | D:1      | 792 ||| READING scroll labelled URCHA AQIHIPS.
   793 | D:1      | 793 ||| DRINKING 2 fizzy red potions.
   794 | D:1      | 794 ||| DROPPING scroll of poison.
   803 | D:2      | 803 ||| STAIRDANCE
  1034 | D:2      | Reached XP level 4. HP: 36/36 MP: 4/4
  1071 | D:2      | 1071 ||| FLEEEEING.
  1073 | D:2      | 1073 ||| FLEEEEING.
  1074 | D:2      | 1074 ||| FLEEEEING.
  1075 | D:2      | 1075 ||| FLEEEEING.
  1076 | D:2      | 1076 ||| FLEEEEING.
  1077 | D:2      | 1077 ||| FLEEEEING.
  1078 | D:2      | 1078 ||| FLEEEEING.
  1079 | D:2      | 1079 ||| FLEEEEING.
  1080 | D:2      | 1080 ||| FLEEEEING.
  1081 | D:2      | 1081 ||| FLEEEEING.
  1082 | D:2      | 1082 ||| FLEEEEING.
  1083 | D:2      | 1083 ||| FLEEEEING.
  1084 | D:2      | 1084 ||| FLEEEEING.
  1085 | D:2      | 1085 ||| FLEEEEING.
  1086 | D:2      | 1086 ||| FLEEEEING.
  1087 | D:2      | 1087 ||| FLEEEEING.
  1088 | D:2      | 1088 ||| FLEEEEING.
  1139 | D:2      | Noticed Terence
  1146 | D:2      | Killed Terence
  1147 | D:2      | Reached skill level 5 in Ranged Weapons
  1537 | D:2      | 1537 ||| READING scroll labelled XUTYMA NEUPSIG.
  1538 | D:2      | 1538 ||| READING 2 scrolls labelled XYAGGU FOHYPU.
  1539 | D:2      | 1539 ||| DRINKING 2 grey potions.
  1825 | D:3      | Noticed Grinder
  1840 | D:3      | Paralysed by Grinder for 3 turns
  1843 | D:3      | HP: 9/37 [Grinder (7)]
  1844 | D:3      | HP: 2/37 [Grinder (8)]
  1847 | D:3      | Paralysed by Grinder for 3 turns
  1853 | D:3      | Paralysed by Grinder for 5 turns
  1860 | D:3      | Paralysed by Grinder for 3 turns
  1861 | D:3      | HP: 5/37 [Grinder (1)]
  1861 | D:3      | HP: 1/37 [Grinder (4)]
  1862 | D:3      | Slain by Grinder

Levels and vault maps discovered:
D:1:      evilmike_arrival_crescent, layout_basic, minmay_worlds_worst_comb
D:2:      layout_rooms, serial_corexii_hall, corexii_hall_statues_l,
          corexii_hall_statues_t, minmay_rat_hole, uniq_terence
D:3:      layout_basic, uniq_crazy_yiuf_cottage, uniq_grinder

Skill      XL: |  1  2  3  4 |
---------------+-------------+-----
Ranged Weapons | 3 4 5 |  5.1
Fighting       | 2 |  2.9
Dodging        | |  2.1
Spellcasting   | |  1.0
Hexes          | |  2.0

Action                     |  1- 3 |  4- 6 || total
---------------------------+-------+-------++-------
   Fire: Sling             |   135 |   102 ||   237
    Use: Scroll            |     1 |     2 ||     3
         Potion            |     1 |     1 ||     2
 Armour: Robe              |     7 |       ||     7
         Leather armour    |     7 |     4 ||    11
  Dodge: Dodged            |    55 |    29 ||    84

Table legend:
 A = Non-vault XP
 B = Vault XP
 C = Vault XP percentage of total XP
 D = Non-vault monster count
 E = Vault monster count
 F = Vault count percentage of total count
                 A         B        C        D         E       F
            +---------+---------+-------+---------+---------+-------
      Total |     128 |      64 |  33.3 |      53 |      24 |  31.2
            +---------+---------+-------+---------+---------+-------
        D:1 |      62 |       8 |  11.4 |      31 |       4 |  11.4
        D:2 |      47 |      56 |  54.4 |      17 |      20 |  54.1
        D:3 |      19 |       0 |   0.0 |       5 |       0 |   0.0
            +---------+---------+-------+---------+---------+-------
